[ AOE2 MATCH · #507878884 ]
UnrankedMongols vs Poles
Player's team · WIN
Rival team · LOSS
[ REPLAY ANALYSIS · EXTRACTED FROM THE RECORDED GAME ]
Feudal
7:28
Castle
21:04
Imperial
29:55
| APM avg | 28.9 |
| APM peak | 70 |
| eAPM avg | 14.7 |
| Villagers / military | 63 / 27 |
Focus
⚔️ 23.6% · 🌾 76.4%
Mangudai ×10 · Camel Scout ×10 · Trebuchet (Packed) ×4 · Monk ×2 · Battering Ram ×1
Feudal
10:34
Castle
23:05
Imperial
—
| APM avg | 40.8 |
| APM peak | 68 |
| eAPM avg | 25.3 |
| Villagers / military | 78 / 48 |
Focus
⚔️ 20.1% · 🌾 79.9%
Knight ×38 · Obuch ×3 · Petard ×3 · Scorpion ×3 · Mangonel ×1
Match map
Initial resources + every placement click. Lines = walls · curves = elevation contours. ◆ gold · ⬟ stone · ● berries · ✦ relic · ◌ wall gap
Your base· ✓ Closed at 21:05 · 0t walls · 3 gate(s)
LORIAN's base· ✓ Closed at 23:05 · 10t walls · 3 gate(s)
Smoothed initial terrain · ◌ = detected wall gap · hover for details
Inputs per minute
— ELEG VACASADA - - LORIAN
Build order — ELEG VACASADA
First 150 of 166 actions detected
| 0:00 | Queue | Villager (Male) |
| 0:00 | Queue | Villager (Male) |
| 0:01 | Queue | Villager (Male) |
| 0:02 | Build | House |
| 0:03 | Build | House |
| 0:25 | Queue | Villager (Male) |
| 1:19 | Build | Lumber Camp |
| 1:23 | Queue | Villager (Male) |
| 2:15 | Queue | Villager (Male) |
| 2:31 | Queue | Villager (Male) |
| 2:53 | Queue | Villager (Male) |
| 3:16 | Queue | Villager (Male) |
| 3:24 | Build | Mining Camp |
| 3:48 | Queue | Villager (Male) |
| 4:16 | Queue | Villager (Male) |
| 4:41 | Research | Loom |
| 5:18 | Research | Feudal Age |
| 6:35 | Build | House |
| 6:41 | Queue | Villager (Male) |
| 6:41 | Queue | Villager (Male) |
| 7:28 | Age | Feudal Age |
| 7:37 | Build | Watch Tower |
| 7:49 | Queue | Villager (Male) |
| 8:06 | Queue | Villager (Male) |
| 8:32 | Queue | Villager (Male) |
| 8:47 | Build | House |
| 9:11 | Queue | Villager (Male) |
| 9:18 | Build | Mill |
| 9:39 | Build | Watch Tower |
| 10:17 | Queue | Villager (Male) |
| 10:32 | Build | Watch Tower |
| 11:26 | Queue | Villager (Male) |
| 11:31 | Build | Blacksmith |
| 11:35 | Queue | Villager (Male) |
| 11:52 | Queue | Villager (Male) |
| 11:54 | Build | House |
| 11:56 | Queue | Villager (Male) |
| 12:12 | Research | Fletching |
| 12:18 | Queue | Villager (Male) |
| 12:58 | Queue | Villager (Male) |
| 13:02 | Build | Mill |
| 13:08 | Queue | Villager (Male) |
| 13:53 | Queue | Villager (Male) |
| 13:56 | Build | Farm |
| 13:57 | Build | Farm |
| 14:15 | Build | Watch Tower |
| 14:25 | Build | Watch Tower |
| 14:35 | Build | Farm |
| 14:37 | Queue | Villager (Male) |
| 14:50 | Build | House |
| 14:59 | Research | Double-Bit Axe |
| 15:47 | Build | Mining Camp |
| 16:01 | Queue | Villager (Male) |
| 16:22 | Build | Palisade Gate |
| 16:59 | Queue | Villager (Male) |
| 17:01 | Build | Farm |
| 17:09 | Build | Market |
| 17:26 | Build | Farm |
| 17:29 | Build | Farm |
| 17:32 | Queue | Villager (Male) |
| 18:00 | Queue | Villager (Male) |
| 18:25 | Research | Castle Age |
| 18:30 | Build | Farm |
| 18:36 | Build | Mining Camp |
| 19:04 | Research | Stone Mining |
| 19:26 | Build | Farm |
| 19:28 | Build | Farm |
| 19:41 | Research | Horse Collar |
| 20:20 | Build | House |
| 20:31 | Queue | Villager (Male) |
| 20:31 | Queue | Villager (Male) |
| 21:04 | Age | Castle Age |
| 21:38 | Build | Castle |
| 21:45 | Build | Castle |
| 22:02 | Queue | Villager (Male) |
| 22:05 | Build | Monastery |
| 22:09 | Queue | Villager (Male) |
| 22:10 | Queue | Villager (Male) |
| 22:15 | Build | Farm |
| 22:18 | Build | Farm |
| 22:18 | Queue | Villager (Male) |
| 22:43 | Build | Barracks |
| 22:54 | Queue | Mangudai |
| 23:01 | Build | Siege Workshop |
| 23:07 | Queue | Villager (Male) |
| 23:15 | Queue | Villager (Male) |
| 23:23 | Queue | Monk |
| 23:32 | Build | Farm |
| 23:34 | Queue | Villager (Male) |
| 23:46 | Build | Farm |
| 24:11 | Queue | Mangudai |
| 24:15 | Queue | Villager (Male) |
| 24:18 | Queue | Monk |
| 24:49 | Queue | Villager (Male) |
| 25:06 | Queue | Villager (Male) |
| 25:20 | Queue | Mangudai |
| 25:23 | Queue | Villager (Male) |
| 25:29 | Build | Farm |
| 25:32 | Queue | Villager (Male) |
| 26:45 | Research | Imperial Age |
| 27:09 | Build | Mining Camp |
| 27:17 | Build | Outpost |
| 27:18 | Build | Outpost |
| 27:29 | Queue | Mangudai |
| 27:38 | Research | Bow Saw |
| 27:51 | Build | House |
| 28:25 | Build | University |
| 28:31 | Queue | Villager (Male) |
| 28:35 | Build | Lumber Camp |
| 29:18 | Build | Outpost |
| 29:19 | Build | Outpost |
| 29:22 | Build | Outpost |
| 29:23 | Build | Outpost |
| 29:25 | Build | Outpost |
| 29:55 | Age | Imperial Age |
| 29:56 | Research | Chemistry |
| 29:59 | Queue | Trebuchet (Packed) |
| 30:01 | Queue | Trebuchet (Packed) |
| 30:06 | Build | Farm |
| 30:09 | Queue | Villager (Male) |
| 30:10 | Queue | Villager (Male) |
| 30:31 | Queue | Mangudai |
| 30:31 | Queue | Mangudai |
| 30:37 | Research | Conscription |
| 30:47 | Queue | Villager (Male) |
| 31:05 | Build | Town Center |
| 31:29 | Research | Ballistics |
| 31:40 | Queue | Villager (Male) |
| 31:40 | Queue | Villager (Male) |
| 31:41 | Queue | Villager (Male) |
| 31:41 | Queue | Villager (Male) |
| 31:42 | Queue | Villager (Male) |
| 31:57 | Queue | Mangudai |
| 31:58 | Queue | Mangudai |
| 31:58 | Queue | Mangudai |
| 31:58 | Queue | Mangudai |
| 32:33 | Research | Bodkin Arrow |
| 32:59 | Build | Gate |
| 33:35 | Queue | Villager (Male) |
| 33:35 | Queue | Villager (Male) |
| 33:35 | Queue | Villager (Male) |
| 34:06 | Build | Stone Wall |
| 34:10 | Build | Stone Wall |
| 34:28 | Build | Stable |
| 34:29 | Build | Stable |
| 34:38 | Build | Stone Wall |
| 34:52 | Queue | Villager (Male) |
| 34:52 | Queue | Villager (Male) |
| 35:09 | Build | Stable |
| 35:48 | Queue | Camel Scout |
Build order — LORIAN
First 150 of 241 actions detected
| 0:01 | Queue | Villager (Male) |
| 0:02 | Build | House |
| 0:03 | Build | House |
| 0:09 | Queue | Villager (Male) |
| 0:09 | Queue | Villager (Male) |
| 0:09 | Queue | Villager (Male) |
| 0:09 | Queue | Villager (Male) |
| 1:38 | Queue | Villager (Male) |
| 1:38 | Queue | Villager (Male) |
| 1:39 | Queue | Villager (Male) |
| 2:15 | Queue | Villager (Male) |
| 2:16 | Queue | Villager (Male) |
| 2:26 | Queue | Villager (Male) |
| 2:26 | Queue | Villager (Male) |
| 2:54 | Queue | Villager (Male) |
| 2:54 | Queue | Villager (Male) |
| 3:22 | Build | Mill |
| 3:29 | Queue | Villager (Male) |
| 4:14 | Queue | Villager (Male) |
| 4:16 | Queue | Villager (Male) |
| 4:25 | Build | Farm |
| 4:26 | Build | Farm |
| 4:46 | Build | Lumber Camp |
| 4:48 | Queue | Villager (Male) |
| 5:21 | Queue | Villager (Male) |
| 5:22 | Queue | Villager (Male) |
| 5:44 | Build | Mill |
| 6:11 | Queue | Villager (Male) |
| 6:31 | Queue | Villager (Male) |
| 7:07 | Queue | Villager (Male) |
| 7:20 | Build | Farm |
| 7:25 | Build | Farm |
| 7:31 | Queue | Villager (Male) |
| 7:51 | Build | Mining Camp |
| 7:53 | Queue | Villager (Male) |
| 8:03 | Build | House |
| 8:15 | Research | Feudal Age |
| 8:16 | Research | Feudal Age |
| 8:34 | Build | House |
| 8:43 | Build | House |
| 9:13 | Build | Palisade Wall |
| 9:17 | Queue | Villager (Male) |
| 10:00 | Research | Loom |
| 10:34 | Age | Feudal Age |
| 10:43 | Build | Watch Tower |
| 11:20 | Queue | Villager (Male) |
| 11:21 | Queue | Villager (Male) |
| 11:52 | Queue | Villager (Male) |
| 11:58 | Build | Mining Camp |
| 12:13 | Build | Mining Camp |
| 12:19 | Queue | Villager (Male) |
| 12:55 | Research | Double-Bit Axe |
| 12:59 | Queue | Villager (Male) |
| 13:31 | Queue | Villager (Male) |
| 13:31 | Queue | Villager (Male) |
| 13:32 | Queue | Villager (Male) |
| 14:04 | Queue | Villager (Male) |
| 14:07 | Build | Barracks |
| 14:19 | Queue | Villager (Male) |
| 14:36 | Build | Farm |
| 14:39 | Queue | Villager (Male) |
| 15:35 | Build | Lumber Camp |
| 15:43 | Queue | Villager (Male) |
| 15:53 | Build | House |
| 16:18 | Build | Farm |
| 16:18 | Build | Farm |
| 16:45 | Build | House |
| 16:48 | Build | House |
| 16:55 | Build | Farm |
| 16:55 | Build | Farm |
| 16:55 | Build | Farm |
| 17:06 | Build | Stone Wall |
| 17:11 | Queue | Villager (Male) |
| 17:12 | Queue | Villager (Male) |
| 17:12 | Queue | Villager (Male) |
| 17:17 | Build | Farm |
| 17:18 | Build | Farm |
| 17:22 | Build | Farm |
| 17:24 | Queue | Villager (Male) |
| 17:48 | Build | Farm |
| 17:58 | Build | Farm |
| 18:04 | Queue | Villager (Male) |
| 18:15 | Build | House |
| 18:17 | Build | House |
| 18:17 | Build | House |
| 18:27 | Queue | Villager (Male) |
| 18:29 | Build | Farm |
| 18:42 | Research | Stone Mining |
| 19:13 | Build | Market |
| 19:28 | Build | House |
| 19:54 | Build | Blacksmith |
| 20:00 | Queue | Villager (Male) |
| 20:13 | Research | Gold Mining |
| 20:18 | Research | Horse Collar |
| 20:18 | Research | Horse Collar |
| 20:22 | Research | Castle Age |
| 21:17 | Build | Stable |
| 21:58 | Build | Stone Wall |
| 22:09 | Research | Bloodlines |
| 22:31 | Build | Stone Wall |
| 23:05 | Age | Castle Age |
| 23:11 | Build | Castle |
| 23:11 | Build | Farm |
| 23:13 | Queue | Villager (Male) |
| 23:14 | Queue | Villager (Male) |
| 23:24 | Build | Siege Workshop |
| 23:26 | Queue | Villager (Male) |
| 23:26 | Queue | Villager (Male) |
| 23:34 | Research | Stone Shaft Mining |
| 23:37 | Research | Bow Saw |
| 23:38 | Research | Heavy Plow |
| 23:50 | Build | Town Center |
| 23:51 | Queue | Villager (Male) |
| 23:52 | Queue | Villager (Male) |
| 24:10 | Queue | Mangonel |
| 24:18 | Queue | Villager (Male) |
| 24:43 | Build | House |
| 24:43 | Build | House |
| 24:44 | Build | House |
| 25:17 | Build | Mill |
| 25:18 | Build | Farm |
| 25:19 | Build | Farm |
| 25:19 | Build | Farm |
| 25:19 | Build | Farm |
| 25:19 | Build | Farm |
| 25:22 | Queue | Villager (Male) |
| 25:22 | Queue | Villager (Male) |
| 25:26 | Queue | Villager (Male) |
| 25:28 | Queue | Obuch |
| 25:28 | Queue | Obuch |
| 25:29 | Queue | Obuch |
| 25:33 | Queue | Scorpion |
| 25:34 | Queue | Scorpion |
| 25:43 | Queue | Scorpion |
| 25:46 | Build | Farm |
| 25:47 | Build | Farm |
| 25:56 | Build | House |
| 26:01 | Queue | Villager (Male) |
| 26:08 | Build | Farm |
| 26:08 | Build | Farm |
| 26:08 | Build | Farm |
| 26:08 | Build | Farm |
| 26:09 | Build | Farm |
| 26:09 | Build | Farm |
| 26:15 | Build | Farm |
| 26:15 | Build | Farm |
| 26:26 | Build | Farm |
| 26:26 | Build | Farm |
| 26:29 | Queue | Villager (Male) |
| 26:32 | Build | Farm |
Match timeline
| 7:28 | ELEG VACASADA · age_up feudal |
| 9:13 | LORIAN · wall_segment Palisade Wall x2 |
| 10:34 | LORIAN · age_up feudal |
| 14:07 | LORIAN · first_building Barracks |
| 17:06 | LORIAN · wall_segment Stone Wall x6 |
| 18:11 | ELEG VACASADA · first_market_sell 100 wood |
| 21:04 | ELEG VACASADA · age_up castle |
| 21:12 | ELEG VACASADA · first_market_buy 100 stone |
| 21:17 | LORIAN · first_building Stable |
| 21:38 | ELEG VACASADA · first_building Castle |
| 21:40 | LORIAN · first_market_buy 100 stone |
| 21:58 | LORIAN · wall_segment Stone Wall x1 |
| 22:05 | ELEG VACASADA · first_building Monastery |
| 22:31 | LORIAN · wall_segment Stone Wall x1 |
| 22:43 | ELEG VACASADA · first_building Barracks |
| 23:01 | ELEG VACASADA · first_building Siege Workshop |
| 23:05 | LORIAN · age_up castle |
| 23:11 | LORIAN · first_building Castle |
| 23:24 | LORIAN · first_building Siege Workshop |
| 29:45 | LORIAN · wall_segment Stone Wall x1 |
| 29:46 | LORIAN · wall_segment Stone Wall x1 |
| 29:47 | LORIAN · wall_segment Stone Wall x1 |
| 29:55 | ELEG VACASADA · age_up imperial |
| 30:44 | LORIAN · first_market_sell 100 wood |
| 34:06 | ELEG VACASADA · wall_segment Stone Wall x4 |
| 34:10 | ELEG VACASADA · wall_segment Stone Wall x2 |
| 34:28 | ELEG VACASADA · first_building Stable |
| 34:38 | ELEG VACASADA · wall_segment Stone Wall x1 |
| 37:06 | LORIAN · first_building Archery Range |
| 38:25 | LORIAN · resign |
[ AI ANALYSIS · 1 CREDIT ]
What really happened in this match?
Wolo.gg analyzes every decision: build order, eco, micro, common mistakes by bracket. Personalized analysis on WhatsApp or Discord in 30 seconds.
Civ guide
Mongols
Perfil
Jugador #22785759